SA
CONNETQUOT CHIEFS @ SYRACUSE STORM
07/16/2022
 
TOP OF THE 1ST
Connetquot Chiefs batting - Pitching for Syracuse Storm : RHP António Marés
Pitching: RHP António Marés
Batting: RHB Juan Salinas 0-0: Called Strike
0-1: Swinging Strike
0-2: Strikes out swinging
Batting: RHB José Magana 0-0: Called Strike
0-1: Foul Ball, location: 2F
0-2: Foul Ball, location: 2F
0-2: Foul Ball, location: 2F
0-2: Ball
1-2: Strikes out looking
Batting: RHB Arturo Morales 0-0: Swinging Strike
0-1: Ball
1-1: Ball
2-1: Swinging Strike
2-2: Foul Ball, location: 2F
2-2: Strikes out swinging
Top of the 1st over - 0 run(s), 0 hit(s), 0 error(s), 0 left on base; Connetquot 0 - Syracuse 0
BOTTOM OF THE 1ST
Syracuse Storm batting - Pitching for Connetquot Chiefs : LHP Song-saeng Kim
Pitching: LHP Song-saeng Kim
Batting: RHB Sung-min Pae 0-0: Ball
1-0: Swinging Strike
1-1: Ball
2-1: Foul Ball, location: 2F
2-2: Foul Ball, location: 2F
2-2: Ball
3-2: Ground out 5-3 (Groundball, 5S)
Batting: RHB Carlos Maldonado 0-0: Ball
1-0: Ball
2-0: Called Strike
2-1: DOUBLE (Line Drive, 7LM)
Batting: LHB Mario Ramos 0-0: Called Strike
0-1: Called Strike
0-2: Ball
1-2: Ground out 5-3 (Groundball, 6S)
Carlos Maldonado to third
Batting: RHB Jim Unknown 0-0: Ball
1-0: Called Strike
1-1: Foul Ball, location: 2F
1-2: Strikes out swinging
Bottom of the 1st over - 0 run(s), 1 hit(s), 0 error(s), 1 left on base; Connetquot 0 - Syracuse 0
TOP OF THE 2ND
Connetquot Chiefs batting - Pitching for Syracuse Storm : RHP António Marés
Batting: RHB Miguel Rodríguez 0-0: Ball
1-0: Ball
2-0: Ball
3-0: Called Strike
3-1: Foul Ball, location: 2F
3-2: Strikes out looking
Batting: RHB Menno van de Vlugt 0-0: Called Strike
0-1: Called Strike
0-2: Strikes out swinging
Batting: RHB Mario Rivera 0-0: Ball
1-0: SINGLE (Line Drive, 6D)
Batting: RHB Emanuel Bree 0-0: Ground out 6-3 (Groundball, 6)
Top of the 2nd over - 0 run(s), 1 hit(s), 0 error(s), 1 left on base; Connetquot 0 - Syracuse 0
BOTTOM OF THE 2ND
Syracuse Storm batting - Pitching for Connetquot Chiefs : LHP Song-saeng Kim
Batting: RHB Juan Salinas 0-0: Ground out 6-3 (Groundball, 6MS)
Batting: RHB Noah Smith 0-0: Ground out 1-3 (Groundball, 15)
Batting: SHB John Clayton 0-0: Foul Ball, location: 2F
0-1: Ball
1-1: Ground out 3-1 (Groundball, 34)
Bottom of the 2nd over - 0 run(s), 0 hit(s), 0 error(s), 0 left on base; Connetquot 0 - Syracuse 0
TOP OF THE 3RD
Connetquot Chiefs batting - Pitching for Syracuse Storm : RHP António Marés
Batting: RHB John Burton 0-0: Fly out, F7 (Line Drive, 78M)
Batting: RHB Enrique Morales 0-0: Called Strike
0-1: Swinging Strike
0-2: Ball
1-2: SINGLE (Line Drive, 7S)
Batting: RHB Juan Salinas 0-0: Called Strike
0-1: Ball
1-1: Swinging Strike
1-2: Ball
2-2: Strikes out swinging
Batting: RHB José Magana 0-0: Ball
1-0: Called Strike
1-1: Ground out 4-3 (Groundball, 34)
Top of the 3rd over - 0 run(s), 1 hit(s), 0 error(s), 1 left on base; Connetquot 0 - Syracuse 0
BOTTOM OF THE 3RD
Syracuse Storm batting - Pitching for Connetquot Chiefs : LHP Song-saeng Kim
Batting: RHB Rafael Delgado 0-0: Fly out, F8 (Line Drive, 8RM)
Batting: LHB Carlos Garza 0-0: Ball
1-0: Ground out 6-3 (Groundball, 6)
Batting: RHB Sung-min Pae 0-0: Ground out 1-3 (Groundball, 13)
Bottom of the 3rd over - 0 run(s), 0 hit(s), 0 error(s), 0 left on base; Connetquot 0 - Syracuse 0
TOP OF THE 4TH
Connetquot Chiefs batting - Pitching for Syracuse Storm : RHP António Marés
Batting: RHB Arturo Morales 0-0: Ball
1-0: Called Strike
1-1: Foul Ball, location: 2F
1-2: Strikes out swinging
Batting: RHB Miguel Rodríguez 0-0: SINGLE (Line Drive, 56D)
Batting: RHB Menno van de Vlugt 0-0: Called Strike
0-1: Ball
1-1: Ball
2-1: Called Strike
2-2: Strikes out swinging
Batting: RHB Mario Rivera 0-0: Foul Ball, location: 2F
0-1: SINGLE (Flyball, 7LM)
Miguel Rodríguez to second
Batting: RHB Emanuel Bree 0-0: Called Strike
0-1: SINGLE (Line Drive, 8LS)
Miguel Rodríguez to third
Mario Rivera to second
Runner from 3rd tries for Home, SAFE, no throw or cutoff
Batting: RHB John Burton 0-0: SINGLE (Line Drive, 6)
Mario Rivera to third
Emanuel Bree to second
Runner from 3rd tries for Home, SAFE, no throw or cutoff
Batting: RHB Enrique Morales 0-0: Called Strike
0-1: Called Strike
0-2: Strikes out swinging
Top of the 4th over - 2 run(s), 4 hit(s), 0 error(s), 2 left on base; Connetquot 2 - Syracuse 0
BOTTOM OF THE 4TH
Syracuse Storm batting - Pitching for Connetquot Chiefs : LHP Song-saeng Kim
Batting: RHB Carlos Maldonado 0-0: Foul Ball, location: 2F
0-1: SINGLE (Groundball, 6MD)
Batting: LHB Mario Ramos 0-0: Ball
1-0: Ball
2-0: Ball
3-0: Called Strike
3-1: Base on Balls
Carlos Maldonado to second
Batting: RHB Jim Unknown 0-0: Called Strike
0-1: Fly out, F9 (Flyball, 89XD)
Runner from 2nd tags up, SAFE at 3rd, no throw
Batting: RHB Juan Salinas 0-0: Swinging Strike
0-1: SINGLE (Line Drive, 7S)
Carlos Maldonado scores
Mario Ramos to second
Batting: RHB Noah Smith 0-0: Ball
1-0: Ground out 5-3 (Groundball, 5S)
Mario Ramos to third
Juan Salinas to second
Batting: SHB John Clayton 0-0: Called Strike
0-1: Called Strike
0-2: Ball
1-2: Strikes out swinging
Bottom of the 4th over - 1 run(s), 2 hit(s), 0 error(s), 2 left on base; Connetquot 2 - Syracuse 1
TOP OF THE 5TH
Connetquot Chiefs batting - Pitching for Syracuse Storm : RHP António Marés
Batting: RHB Juan Salinas 0-0: Called Strike
0-1: Foul Ball, location: 2F
0-2: Ball
1-2: Ball
2-2: Strikes out swinging
Batting: RHB José Magana 0-0: Ground out 6-3 (Groundball, 6)
Batting: RHB Arturo Morales 0-0: Swinging Strike
0-1: Swinging Strike
0-2: Strikes out swinging
Top of the 5th over - 0 run(s), 0 hit(s), 0 error(s), 0 left on base; Connetquot 2 - Syracuse 1
BOTTOM OF THE 5TH
Syracuse Storm batting - Pitching for Connetquot Chiefs : LHP Song-saeng Kim
Batting: RHB Rafael Delgado 0-0: Ball
1-0: Foul Ball, location: 2F
1-1: Fly out, F9 (Flyball, 8RS)
Batting: LHB Carlos Garza 0-0: Called Strike
0-1: Ground out 4-3 (Groundball, 34)
Batting: RHB Sung-min Pae 0-0: Foul Ball, location: 2F
0-1: Ground out 4-3 (Groundball, 13)
Bottom of the 5th over - 0 run(s), 0 hit(s), 0 error(s), 0 left on base; Connetquot 2 - Syracuse 1
TOP OF THE 6TH
Connetquot Chiefs batting - Pitching for Syracuse Storm : RHP António Marés
Batting: RHB Miguel Rodríguez 0-0: Ball
1-0: Called Strike
1-1: Swinging Strike
1-2: Strikes out looking
Batting: RHB Menno van de Vlugt 0-0: SINGLE (Line Drive, 6D)
Batting: RHB Mario Rivera 0-0: Called Strike
0-1: Ball
1-1: Foul Ball, location: 2F
1-2: Ball
2-2: Ball
3-2: Ground out 5-3 (Groundball, 56S)
Menno van de Vlugt to second
Batting: RHB Emanuel Bree 0-0: Foul Ball, location: 2F
0-1: Called Strike
0-2: Strikes out swinging
Top of the 6th over - 0 run(s), 1 hit(s), 0 error(s), 1 left on base; Connetquot 2 - Syracuse 1
BOTTOM OF THE 6TH
Syracuse Storm batting - Pitching for Connetquot Chiefs : LHP Song-saeng Kim
Batting: RHB Carlos Maldonado 0-0: Foul Ball, location: 2F
0-1: Called Strike
0-2: SINGLE (Line Drive, 6M)
Batting: LHB Mario Ramos 0-0: Foul Ball, location: 2F
0-1: Ball
1-1: Foul Ball, location: 2F
1-2: Ball
2-2: Foul Ball, location: 2F
2-2: DOUBLE (Flyball, 7LS)
Carlos Maldonado to third
Batting: RHB Jim Unknown 0-0: Called Strike
0-1: Ball
1-1: Called Strike
1-2: Strikes out swinging
Batting: RHB Juan Salinas 0-0: Foul Ball, location: 2F
0-1: SINGLE (Groundball, 5D)
Carlos Maldonado scores
Mario Ramos to third
Runner from 3rd tries for Home, throw and OUT!
Juan Salinas to second
Batting: RHB Noah Smith 0-0: Ball
1-0: Ground out 6-3 (Groundball, 6)
Bottom of the 6th over - 1 run(s), 3 hit(s), 0 error(s), 1 left on base; Connetquot 2 - Syracuse 2
TOP OF THE 7TH
Connetquot Chiefs batting - Pitching for Syracuse Storm : RHP António Marés
Batting: RHB John Burton 0-0: Foul Ball, location: 2F
0-1: Ball
1-1: Fly out, F9 (Line Drive, 9M)
Batting: RHB Enrique Morales 0-0: Ball
1-0: Foul Ball, location: 2F
1-1: Ball
2-1: Swinging Strike
2-2: Ball
3-2: Strikes out looking
Batting: RHB Juan Salinas 0-0: Ground out 6-3 (Groundball, 6)
Top of the 7th over - 0 run(s), 0 hit(s), 0 error(s), 0 left on base; Connetquot 2 - Syracuse 2
BOTTOM OF THE 7TH
Syracuse Storm batting - Pitching for Connetquot Chiefs : LHP Song-saeng Kim
Batting: SHB John Clayton 0-0: Swinging Strike
0-1: Swinging Strike
0-2: Strikes out swinging
Batting: RHB Rafael Delgado 0-0: Ground out 4-3 (Groundball, 4)
Batting: LHB Carlos Garza 0-0: Ball
1-0: Called Strike
1-1: Ball
2-1: Foul Ball, location: 2F
2-2: Strikes out looking
Bottom of the 7th over - 0 run(s), 0 hit(s), 0 error(s), 0 left on base; Connetquot 2 - Syracuse 2
TOP OF THE 8TH
Connetquot Chiefs batting - Pitching for Syracuse Storm : RHP António Marés
Batting: RHB José Magana 0-0: Swinging Strike
0-1: Called Strike
0-2: Fly out, F9 (Flyball, 9M)
Batting: RHB Arturo Morales 0-0: Called Strike
0-1: Called Strike
0-2: Strikes out swinging
Batting: RHB Miguel Rodríguez 0-0: Ball
1-0: Called Strike
1-1: Called Strike
1-2: Foul Ball, location: 2F
1-2: Strikes out swinging
Top of the 8th over - 0 run(s), 0 hit(s), 0 error(s), 0 left on base; Connetquot 2 - Syracuse 2
BOTTOM OF THE 8TH
Syracuse Storm batting - Pitching for Connetquot Chiefs : LHP Song-saeng Kim
Batting: RHB Sung-min Pae 0-0: Called Strike
0-1: Foul Ball, location: 2F
0-2: Ball
1-2: Foul Ball, location: 2F
1-2: Strikes out looking
Batting: RHB Carlos Maldonado 0-0: Fly out, F3 (Popup, 3F)
Batting: LHB Mario Ramos 0-0: Called Strike
0-1: Ball
1-1: Foul Ball, location: 2F
1-2: Strikes out swinging
Bottom of the 8th over - 0 run(s), 0 hit(s), 0 error(s), 0 left on base; Connetquot 2 - Syracuse 2
TOP OF THE 9TH
Connetquot Chiefs batting - Pitching for Syracuse Storm : RHP António Marés
Pitching: RHP Juan Ríos
Pinch Hitting: LHB Jim Unknown 0-0: Called Strike
0-1: Fly out, F9 (Flyball, 89D)
Pinch Hitting: SHB Britt Ducker 0-0: Called Strike
0-1: Foul Ball, location: 2F
0-2: Strikes out looking
Pinch Hitting: RHB Rafael Canseco 0-0: Fly out, F5 (Line Drive, 5S)
Top of the 9th over - 0 run(s), 0 hit(s), 0 error(s), 0 left on base; Connetquot 2 - Syracuse 2
BOTTOM OF THE 9TH
Syracuse Storm batting - Pitching for Connetquot Chiefs : LHP Song-saeng Kim
Now at 3B: Fernando Mendoza
Now at SS: Félix Fernández
Now in LF: Britt Ducker
Batting: RHB Jim Unknown 0-0: Called Strike
0-1: Swinging Strike
0-2: DOUBLE (Line Drive, 7M)
Batting: RHB Juan Salinas 0-0: Intentional Walk
Batting: RHB Noah Smith 0-0: Sac Bunt - play at third, runner OUT! 1-6
Juan Salinas to second
Batting: SHB John Clayton 0-0: Foul Ball, location: 2F
0-1: Ball
1-1: Ball
2-1: Ground out 5-3 (Groundball, 5L)
Juan Salinas to third
Noah Smith to second
Batting: RHB Rafael Delgado 0-0: Ball
1-0: Foul Ball, location: 2F
1-1: Ground out 1-3 (Groundball, 15)
Bottom of the 9th over - 0 run(s), 1 hit(s), 0 error(s), 2 left on base; Connetquot 2 - Syracuse 2
TOP OF THE 10TH
Connetquot Chiefs batting - Pitching for Syracuse Storm : RHP Juan Ríos
Batting: RHB John Burton 0-0: Ball
1-0: Swinging Strike
1-1: Called Strike
1-2: Strikes out swinging
Batting: RHB Enrique Morales 0-0: Fly out, F7 (Flyball, 78M)
Batting: RHB Juan Salinas 0-0: Called Strike
0-1: Foul Ball, location: 2F
0-2: Strikes out swinging
Top of the 10th over - 0 run(s), 0 hit(s), 0 error(s), 0 left on base; Connetquot 2 - Syracuse 2
BOTTOM OF THE 10TH
Syracuse Storm batting - Pitching for Connetquot Chiefs : LHP Song-saeng Kim
Batting: LHB Carlos Garza 0-0: Ground out 3-1 (Groundball, 3)
Batting: RHB Sung-min Pae 0-0: Ball
1-0: Ground out 4-3 (Groundball, 4)
Batting: RHB Carlos Maldonado 0-0: Ball
1-0: Foul Ball, location: 2F
1-1: Ball
2-1: Ball
3-1: Foul Ball, location: 2F
3-2: Fly out, F9 (Flyball, 89D)
Bottom of the 10th over - 0 run(s), 0 hit(s), 0 error(s), 0 left on base; Connetquot 2 - Syracuse 2
TOP OF THE 11TH
Connetquot Chiefs batting - Pitching for Syracuse Storm : RHP Juan Ríos
Pitching: RHP Jon Schultz
Batting: RHB José Magana 0-0: Called Strike
0-1: Foul Ball, location: 2F
0-2: Ball
1-2: Strikes out looking
Batting: RHB Arturo Morales 0-0: Ball
1-0: Ball
2-0: Ball
3-0: Called Strike
3-1: Fly out, F5 (Line Drive, 56)
Batting: RHB Miguel Rodríguez 0-0: Ball
1-0: DOUBLE (Groundball, 3L)
Pinch Hitting: SHB Rúbem Corvo 0-0: Ball
1-0: Ball
2-0: Ground out 3-1 (Groundball, 34)
Top of the 11th over - 0 run(s), 1 hit(s), 0 error(s), 1 left on base; Connetquot 2 - Syracuse 2
BOTTOM OF THE 11TH
Syracuse Storm batting - Pitching for Connetquot Chiefs : LHP Song-saeng Kim
Now at 3B: Javier Cordero
Batting: LHB Mario Ramos 0-0: Ball
1-0: Fly out, F2 (Popup, 23F)
Batting: RHB Jim Unknown 0-0: Ball
1-0: Ball
2-0: Ball
3-0: Called Strike
3-1: Foul Ball, location: 2F
3-2: Base on Balls
Pitching: RHP Jim Unknown
Pinch Runner at 1st Arturo Mateo:
Batting: RHB Juan Salinas 0-0: Ball
1-0: Called Strike
Arturo Mateo steals 2nd base
1-1: Intentional Walk
Pinch Hitting: LHB Jim Unknown 0-0: Ball
1-0: Ball
2-0: Fly out, F9 (Flyball, 9S)
Batting: SHB John Clayton 0-0: Called Strike
0-1: SINGLE (Groundball, 3D)
Arturo Mateo to third
Juan Salinas to second
Runner from 3rd tries for Home, SAFE, no throw or cutoff
This league is powered by Out of the Park Baseball, the baseball management simulation game for PC, Mac and Linux
Friday, April 15th, 2016 - OOTP Baseball 16.9 Build 39